 Dungeon Crawl Stone Soup version 0.26.0-10-g1f06aea511 (webtiles) character file.

Game seed: 11482848855928844926

13121 septik the Cleaver (level 11, -7/151 HPs)
             Began as a Minotaur Berserker on Jan 28, 2021.
             Was a High Priest of Trog.
             Mangled by a 13-headed hydra (9 damage)
             ... on level 12 of the Dungeon.
             The game lasted 00:26:54 (12661 turns).

septik the Cleaver (Minotaur Berserker)            Turns: 12661, Time: 00:26:55

Health: -7/151     AC: 17    Str: 25    XL:     11   Next: 71%
Magic:  8/8        EV: 14    Int:  4    God:    Trog [*****.]
Gold:   719        SH:  0    Dex: 10    Spells: 10/10 levels left

rFire    . . .     SeeInvis .   P - +6 broad axe
rCold    + . .     Faith    +   (no shield)
rNeg     . . .     Spirit   .   W - +4 scale mail {rF+}
rPois    .         Reflect  .   (helmet restricted)
rElec    .         Harm     .   J - +1 cloak {rCorr}
rCorr    +         Rampage  .   (no gloves)
Will     .....                  O - +1 pair of boots
Stlth    ..........             I - amulet of faith
HPRegen  0.35/turn              e - ring of ice
MPRegen  0.11/turn              A - ring of resist corrosion

@: berserking, very quick
A: retaliatory headbutt, horns 2, blurry vision 1, low mp 1
a: Renounce Religion, Berserk, Trog's Hand, Brothers in Arms


You were on level 12 of the Dungeon.
You worshipped Trog.
Trog was extremely pleased with you.
You visited 1 branch of the dungeon, and saw 12 of its levels.
You also visited: Sewer and Bailey.

You collected 774 gold pieces.
You spent 55 gold pieces at shops.

Inventory:

Hand Weapons
 G - a +1 hand axe of electrocution
 L - a +0 vorpal battleaxe
 P - a +6 broad axe (weapon)
Armour
 o - a +0 chain mail
 y - a +0 pair of boots
 E - a +0 plate armour
 J - a +1 cloak of preservation (worn)
 M - +0 swamp dragon scales
 O - a +1 pair of boots (worn)
 R - a +0 plate armour
 W - a +4 scale mail of fire resistance (worn)
Jewellery
 b - an uncursed ring of ice
 e - a ring of ice (left hand)
 j - an uncursed ring of see invisible
 v - an uncursed ring of ice
 x - an uncursed ring of protection from cold
 A - a ring of resist corrosion (right hand)
 H - an uncursed ring of poison resistance {unknown}
 I - an amulet of faith (around neck)
 S - an uncursed ring of ice
Wands
 r - a wand of random effects (23)
 C - a wand of paralysis (3)
 N - a wand of iceblast (10)
 Q - a wand of polymorph (15)
 U - a wand of disintegration (11)
Scrolls
 a - a scroll of enchant weapon {unknown}
 c - 10 scrolls of teleportation
 f - 15 scrolls of identify
 h - 5 scrolls of remove curse
 l - 2 scrolls of magic mapping
 p - 3 scrolls of amnesia {unknown}
 q - a scroll of noise {unknown}
 t - 2 scrolls of fog {unknown}
 u - a scroll of immolation {unknown}
 D - a scroll of brand weapon {unknown}
 F - 4 scrolls of blinking
 T - a scroll of enchant armour {unknown}
Potions
 d - 5 potions of flight {unknown}
 g - a potion of haste {unknown}
 i - 2 potions of berserk rage {unknown}
 k - 3 potions of lignification {unknown}
 m - a potion of brilliance {unknown}
 n - a potion of heal wounds
 s - a potion of cancellation {unknown}
 w - 4 potions of might {unknown}
 z - 3 potions of mutation {unknown}
 B - 6 potions of curing {unknown}
 K - a potion of attraction {unknown}
 V - a potion of resistance {unknown}


   Skills:
 + Level 10.7 Fighting
 * Level 14.2 Axes
 + Level 10.4 Armour
 + Level 9.6 Dodging


You had 10 spell levels left.
You didn't know any spells.
Your spell library contained the following spells:

 Spells                   Type           Power        Failure   Level
 Beastly Appendage        Tmut           0%           75%         1
 Wereblood                Tmut           0%           86%         2
 Spider Form              Tmut/Pois      0%           98%         3
 Ice Form                 Ice/Tmut       0%           100%        4
 Blade Hands              Tmut           0%           100%        5


Dungeon Overview and Level Annotations

Branches:
Dungeon (12/15)            Temple (0/1) D:7            Lair (0/6) D:11
  Sewer (visited)          Bailey (visited)
    Orc: D:9-12

Altars:
Ashenzari
Dithmenos
Makhleb
Nemelex Xobeh
Sif Muna
Uskayaw
Wu Jian
The Shining One

Shops:
D:6 !   D:8 :


Innate Abilities, Weirdness & Mutations

You reflexively headbutt those who attack you in melee.
You have a pair of horns on your head.
Scrolls take you a little longer to read.
Your magical capacity is low. (-10% MP)


Message History

The 12-headed hydra bites you.
* * * LOW HITPOINT WARNING * * *
The 12-headed hydra bites you but does no damage.
The 12-headed hydra bites you.
* * * LOW HITPOINT WARNING * * *
The 12-headed hydra barely misses you.
The 12-headed hydra bites you but does no damage. x3
The 12-headed hydra bites you.
* * * LOW HITPOINT WARNING * * *
You lop one of the 12-headed hydra's heads off!
The 11-headed hydra grows two more!
You hit the 13-headed hydra.
The 13-headed hydra is severely wounded.
Your scale mail prevents you from hitting the 13-headed hydra.
The 13-headed hydra is severely wounded.
The 13-headed hydra bites you but does no damage.
The 13-headed hydra closely misses you. The 13-headed hydra bites you.
* * * LOW HITPOINT WARNING * * *
The 13-headed hydra barely misses you. The 13-headed hydra closely misses you.
The 13-headed hydra bites you!
You die...

#...........## ...
#.............#...
#......##.###.#.#
#....#......#...#
#...##..###.#..#
#...##.....#....#
# ...#
#.###.#....## ..
..# #. #...#...#
.##.. ## #.##@†..#
## ...#†.D..# #
#.##.......... #
#............^
##...........# #
.............. ##
.....(.....#... ..
##.......###... #


You could see a 13-headed hydra.

Vanquished Creatures
  3 two-headed ogres
  2 unseen horrors (D:11)
  An ugly thing (D:12)
  A manticore (D:12)
  Joseph (D:8)
  A gargoyle (D:10)
  A centaur skeleton (D:10)
  Maggie (D:8)
  2 trolls
  A hornet (D:7)
  Prince Ribbit (D:8)
  4 slime creatures (D:11)
  4 vampire mosquitoes (D:12)
  4 orc warriors
  3 phantoms
  4 sky beasts
  2 black bears
  An eye of draining (D:11)
  A necrophage (D:7)
  An ogre (D:4)
  9 centaurs
  Blork the orc (D:5)
  8 bullfrogs
  2 gnoll sergeants
  A wyvern zombie (D:9)
  2 scorpions (D:8)
  A wyvern skeleton (D:12)
  14 killer bees
  3 wights (D:9)
  5 howler monkeys
  5 bullfrog zombies
  3 jellies
  A quasit (D:12)
  An iron imp (D:9)
  6 orc priests
  9 hounds
  A bullfrog skeleton (D:7)
  Ijyb (D:5)
  3 iguanas
  7 orc wizards
  5 worker ants
  Natasha (thrice) (D:2)
  Robin (D:3)
  11 adders
  17 gnolls
  A howler monkey skeleton (D:10)
  2 river rats (D:3)
  A shadow imp (D:6)
  3 ufetubi
  7 oozes (Sewer)
  An adder zombie (D:6)
  3 adder skeletons
  5 worms
  A dart slug (D:1)
  25 leopard geckos
  53 orcs
  8 bats
  11 giant cockroaches
  10 goblins
  8 hobgoblins
  19 jackals
  5 quokkas
  11 ball pythons
  17 frilled lizards
  A giant cockroach zombie (D:5)
  A goblin skeleton (D:9)
  A goblin zombie (D:9)
  A hobgoblin zombie (D:9)
  2 jackal skeletons (D:5)
  6 kobolds
  A kobold skeleton (D:9)
  3 kobold zombies (D:9)
  A leopard gecko zombie (D:5)
  An orc zombie (D:9)
  5 rats
373 creatures vanquished.

Vanquished Creatures (collateral kills)
  An orc knight (Bailey)
  2 orc warriors (Bailey)
  A gnoll (Bailey)
  2 orcs (Bailey)
  2 goblins (Bailey)
  4 hobgoblins (Bailey)
12 creatures vanquished.

Grand Total: 385 creatures vanquished

Notes
Turn   | Place    | Note
-------+----------+-------------------------------------------
     0 | D:1      | septik the Minotaur Berserker began the quest for the Orb.
     0 | D:1      | Reached XP level 1. HP: 19/19 MP: 0/0
    46 | D:1      | Reached XP level 2. HP: 17/27 MP: 1/1
    48 | D:1      | Reached skill level 4 in Axes
   533 | D:1      | Reached ** piety under Trog
   536 | D:1      | Reached XP level 3. HP: 30/33 MP: 2/2
  1088 | D:2      | Noticed Natasha
  1091 | D:2      | Killed Natasha
  1092 | D:2      | Reached XP level 4. HP: 40/40 MP: 3/3
  1195 | D:2      | Noticed Natasha
  1202 | D:2      | Killed Natasha
  1411 | D:2      | Noticed Natasha
  1417 | D:2      | Killed Natasha
  1418 | D:2      | Reached skill level 5 in Axes
  1458 | D:2      | Found a faded altar of an unknown god.
  1780 | D:3      | Reached XP level 5. HP: 47/47 MP: 4/4
  1814 | D:3      | Found a glowing drain.
  1821 | Sewer    | Entered a sewer
  1934 | Sewer    | Reached *** piety under Trog
  2165 | Sewer    | Reached XP level 6. HP: 45/55 MP: 5/5
  2288 | Sewer    | Reached skill level 6 in Axes
  2324 | Sewer    | Reached skill level 5 in Fighting
  2330 | Sewer    | Reached **** piety under Trog
  2979 | D:3      | Noticed Robin
  2987 | D:3      | Killed Robin
  3504 | D:4      | Found a shadowy altar of Dithmenos.
  3569 | D:4      | Reached XP level 7. HP: 55/61 MP: 6/6
  3920 | D:4      | Reached skill level 7 in Axes
  4083 | D:4      | Found a hide-covered altar of Uskayaw.
  4180 | D:4      | Reached skill level 5 in Armour
  4375 | D:4      | Reached ***** piety under Trog
  4828 | D:5      | Entered Level 5 of the Dungeon
  4833 | D:5      | Reached skill level 8 in Axes
  4833 | D:5      | Reached skill level 5 in Dodging
  4833 | D:5      | Reached XP level 8. HP: 70/70 MP: 7/7
  4981 | D:5      | Found an ornate altar of the Wu Jian Council.
  5150 | D:5      | Noticed Ijyb
  5152 | D:5      | Paralysed by Ijyb for 7 turns
  5164 | D:5      | Killed Ijyb
  5202 | D:5      | Noticed Blork the orc
  5210 | D:5      | Killed Blork the orc
  5793 | D:6      | Reached skill level 9 in Axes
  6163 | D:6      | Gained mutation: Scrolls take you a little longer to read.
                  | [mutagenic glow]
  6182 | D:6      | Gained mutation: Your magical capacity is low. (-10% MP)
                  | [mutagenic glow]
  6276 | D:6      | Found Neozym's Distillery.
  6284 | D:6      | Bought a potion of heal wounds for 55 gold pieces
  6621 | D:7      | Found a shimmering blue altar of Sif Muna.
  6622 | D:7      | Found a burning altar of Makhleb.
  6743 | D:7      | Reached XP level 9. HP: 74/79 MP: 7/7
  6890 | D:7      | Found a staircase to the Ecumenical Temple.
  6900 | D:7      | Reached skill level 10 in Axes
  7472 | D:8      | Noticed Prince Ribbit
  7487 | D:8      | Killed Prince Ribbit
  7564 | D:8      | Found Erud's Book Emporium.
  7567 | D:8      | Noticed a two-headed ogre
  7586 | D:8      | Reached skill level 11 in Axes
  7594 | D:8      | Noticed Joseph
  7597 | D:8      | Killed a two-headed ogre
  7598 | D:8      | Reached XP level 10. HP: 90/90 MP: 8/8
  7616 | D:8      | Killed Joseph
  8095 | D:8      | Found a broken altar of Ashenzari.
  8095 | D:8      | Noticed Maggie
  8108 | D:8      | Killed Maggie
  8379 | D:8      | Found a sparkling altar of Nemelex Xobeh.
  8569 | D:9      | Received a gift from Trog
  8818 | D:9      | Reached ****** piety under Trog
  8819 | D:9      | Reached skill level 12 in Axes
  8928 | D:9      | Found a glowing golden altar of the Shining One.
  9242 | D:10     | Entered Level 10 of the Dungeon
  9259 | D:10     | Noticed a gargoyle
  9266 | D:10     | Killed a gargoyle
  9472 | D:10     | Noticed a two-headed ogre
  9484 | D:10     | Killed a two-headed ogre
  9628 | D:10     | Reached XP level 11. HP: 90/99 MP: 8/8
 10086 | D:11     | Reached skill level 13 in Axes
 10357 | D:11     | Found a flagged portal.
 10366 | Bailey   | Entered a bailey
 10447 | Bailey   | Noticed an orc knight
 10453 | Bailey   | Killed an orc knight
 10454 | Bailey   | Reached skill level 10 in Fighting
 10849 | D:11     | Killed an unseen horror
 10849 | D:11     | Received a gift from Trog
 11083 | D:11     | Found a staircase to the Lair.
 11133 | D:11     | Killed an unseen horror
 11555 | D:11     | Reached skill level 10 in Armour
 12150 | D:12     | Noticed a purple ugly thing
 12160 | D:12     | Killed a purple ugly thing
 12502 | D:12     | Noticed a two-headed ogre
 12507 | D:12     | Killed a two-headed ogre
 12508 | D:12     | Reached skill level 14 in Axes
 12645 | D:12     | Noticed a seven-headed hydra
 12659 | D:12     | HP: 7/151 [12-headed hydra (4)]
 12661 | D:12     | HP: 2/151 [13-headed hydra (2)]
 12661 | D:12     | Mangled by a 13-headed hydra

Illustrated notes

Levels and vault maps discovered:
D:1:      lemuel_arrival_rhombus, layout_basic
D:2:      layout_loops_cross, nicolae_overflow_hidden_temple,
          chequers_ecumenical_altar_grove, patterned_corridor, uniq_natasha
D:3:      layout_basic, lightli_sewer_entry_pipes, hangedman_decor_opposing,
          chequers_serial_rivers_marsh, uniq_robin
D:4:      layout_basic, eat_drink_and_be_merry_uskayaw,
          nicolae_overflow_crystal_walls, lightli_corner_chamber
D:5:      layout_basic, lemuel_crystal_altar, uniq_blork_the_orc, uniq_ijyb
D:6:      layout_cave_pools, serial_shops, nicolae_shop_statue_plus,
          glass_columns_c
D:7:      layout_basic, grunt_temple_overflow_open, minmay_temple_entry_mist
D:8:      layout_cave_pools, kennysheep_little_box,
          lemuel_coloured_pillars_altar, serial_shops, shop_statue, uniq_maggie,
          uniq_prince_ribbit1, uniq_joseph
D:9:      layout_irregular_city, nicolae_tso_besieged_by_evil
D:10:     layout_rooms, serial_rivers, chequers_serial_rivers_micro_e,
          chequers_serial_rivers_room_a, chequers_serial_rivers_micro_d,
          chequers_serial_rivers_micro_c, minmay_stone_trees_small
D:11:     layout_layer_cave, lair_entry_dummy, enter_bailey_2
D:12:     layout_layer_cave, kennysheep_orc_monster_closet_entryway,
          hangedman_abyss_or_decor_stabs, kennysheep_doodads

Skill      XL: |  1  2  3  4  5  6  7  8  9 10 11 |
---------------+----------------------------------+-----
Axes           | 4 5 6 8 9 11 12 14 | 14.2
Fighting       | 4 5 6 7 8 9 10 | 10.7
Armour         | 3 4 5 6 8 9 10 | 10.4
Dodging        | 3 4 5 6 7 8 9 |  9.6

Action                   |  1- 3 |  4- 6 |  7- 9 | 10-12 || total
-------------------------+-------+-------+-------+-------++-------
Melee: Hand axe          |    41 |   215 |   158 |    34 ||   448
       Headbutt          |     5 |    26 |    67 |    49 ||   147
       War axe           |       |     8 |   183 |       ||   191
       Broad axe         |       |       |       |   186 ||   186
       Battleaxe         |       |       |       |    28 ||    28
Invok: Berserk           |     2 |     1 |    10 |     9 ||    22
       Brothers in Arms  |       |       |       |     3 ||     3
  Use: Scroll            |       |     4 |     1 |     2 ||     7
       Potion            |       |       |       |     2 ||     2
Armor: Animal skin       |     6 |       |       |       ||     6
       Scale mail        |     2 |     4 |       |   132 ||   138
       Chain mail        |       |   110 |    89 |       ||   199
       Plate armour      |       |       |    82 |   122 ||   204
       Swamp dragon scal |       |       |       |    22 ||    22
Dodge: Dodged            |    30 |   104 |   137 |   308 ||   579
